 Dungeon Crawl Stone Soup version 0.30.1-3-gfc49f6343a (webtiles) character file.

Game seed: 12028232012329173668

17 spardeous the Conjurer (level 2, 20/20 HPs)
             Began as a Demigod Conjurer on Aug 10, 2023.
             Got out of the dungeon alive.
             The game lasted 00:00:39 (915 turns).

spardeous the Conjurer (Demigod Conjurer)            Turns: 915, Time: 00:00:40

Health: 20/20      AC:  2    Str:  8    XL:     2   Next: 30%
Magic:  7/7        EV: 12    Int: 20    God:
Gold:   61         SH:  0    Dex: 12    Spells: 3/4 levels left

rFire   . . .        (no weapon)
rCold   + . .        (no shield)
rNeg    . . .        a - +0 robe
rPois   .            (no helmet)
rElec   .            (no cloak)
rCorr   .            (no gloves)
SInv    .            (no boots)
Will    .....        (no amulet)
Stlth   ++           (no ring)
HPRegen 0.23/turn    (no ring)
MPRegen 0.10/turn

%: no passive effects
@: attractive
A: high MP 1, forlorn, divine attributes, cold resistance 1, wild magic 1
a: no special abilities


You escaped.
You visited 1 branch of the dungeon, and saw 1 of its levels.

You collected 61 gold pieces.

Inventory:

Armour
 a - a +0 robe (worn)
Scrolls
 g - a scroll of vulnerability
Potions
 b - a potion of magic


   Skills:
 - Level 1.7 Dodging
 - Level 1.7 Stealth
 - Level 1.7 Spellcasting
 + Level 4.3 Conjurations


You had 3 spell levels left.
You knew the following spells:

 Your Spells              Type           Power      Damage    Failure   Level
a - Magic Dart            Conj           96%        1d7       4%          1

Your spell library contained the following spells:

 Spells                   Type           Power      Damage    Failure   Level
 Searing Ray              Conj           48%        2d6       7%          2
 Dazzling Flash           Conj/Hex       26%        N/A       28%         3
 Fulminant Prism          Conj/Hex       6%         3d6       63%         4
 Iskenderun's Mystic Bla  Conj/Tloc      13%        2d5       63%         4


Dungeon Overview and Level Annotations

Branches:
Dungeon (1/15)


Innate Abilities, Weirdness & Mutations

You have an increased reservoir of magic. (+10% MP)
You shall have no god before yourself.
Your divine heritage dramatically boosts your attributes as you level up.
Your flesh is cold resistant. (rC+)
Your spells are a little harder to cast, but a little more powerful.


Message History

Casting: Magic Dart (safe; 2% risk of failure)
Confirm with . or Enter, or press ? or * to list all spells.
You can't see any susceptible monsters within range! (Use Z to cast anyway.) Done exploring.
Casting: Magic Dart (safe; 2% risk of failure)
Confirm with . or Enter, or press ? or * to list all spells.
You can't see any susceptible monsters within range! (Use Z to cast anyway.) Search for what [? for help]?
D
As you read the scroll labelled ZUETET XESA, it crumbles to dust.
It is a scroll of enchant armour.
Really abort (and waste the scroll)? [Y]es or [N]o only, please.
Really abort (and waste the scroll)?
Okay, then.
As you read the scroll labelled XIACRY YWOCWAU, it crumbles to dust.
It is a scroll of identify.
g - a scroll of vulnerability Really read the scroll of vulnerability?
You can't even see any enemies this would affect. [Y]es or [N]o only, please.
Really read the scroll of vulnerability?
You can't even see any enemies this would affect.
Okay, then.
As you read the scroll labelled MAVI XAHAN, it crumbles to dust.
It is a scroll of amnesia.
Really abort (and waste the scroll)?
Okay, then.
It was a potion of mutation.
You feel extremely strange.
You feel resistant to cold.
You feel less in control of your magic.
It was a potion of ambrosia.
You are confused.
You feel invigorated.
It was a potion of curing.
You feel better.
You feel less invigorated.
It was a potion of attraction.
You feel attractive to monsters.
(D) Dungeon
Where to? (? - help)
Okay, then.
There is an open door here.
There is a staircase leading out of the dungeon here.
Are you sure you want to leave the Dungeon?
This will make you lose the game!
You have escaped!

....# #.#.###.# #....... ....#
#.....#.# #####... #.#.#
####.###.#.# #### ....# #....#
#...# ....# #.##.###...# #.#.#
#.##.......# ....# #########..#
....# ###### #### #.#.#### #..@.#
....##.# #....# ....##.#####
#.88.# ########
#.#.##.##..♣♣#....#♣♣♣♣......#
....##.####.♣###'##....#####.#
....##.# #..............###.####
#...##.####....####..............
.......##......# #.......#...####
######)##.###.># #.#.###.#.###


There were no monsters in sight!

Vanquished Creatures
  4 endoplasms (D:1)
  A giant cockroach (D:1)
  A goblin (D:1)
  A hobgoblin (D:1)
  A quokka (D:1)
  3 ball pythons (D:1)
  A bat (D:1)
  A frilled lizard (D:1)
  2 kobolds (D:1)
  A rat (D:1)
16 creatures vanquished.

Notes
Turn   | Place    | Note
-------+----------+-------------------------------------------
     0 | D:1      | spardeous the Demigod Conjurer began the quest for the Orb.
     0 | D:1      | Reached XP level 1. HP: 14/14 MP: 5/5
   280 | D:1      | Reached skill level 4 in Conjurations
   352 | D:1      | Reached XP level 2. HP: 20/20 MP: 1/7
   900 | D:1      | Gained mutation: Your flesh is cold resistant. (rC+)
                  | [potion of mutation]
   900 | D:1      | Gained mutation: Your spells are a little harder to cast,
                  | but a little more powerful. [potion of mutation]
   915 | D:$      | Got out of the dungeon alive.

Illustrated notes

Levels and vault maps discovered:
D:1:      sevenhm_arrival_forest_fort_small_6, layout_loops_ring,
          columned_hall_lemuel

Skill      XL: |  1 |
---------------+----+-----
Conjurations   | 4 |  4.3
Dodging        | |  1.7
Stealth        | |  1.7
Spellcasting   | |  1.7

Action                     || total
---------------------------++-------
   Cast: Magic Dart        ||    30
    Use: Potion            ||     4
         Scroll            ||     3
  Dodge: Dodged            ||     4
